 Dungeon Crawl Stone Soup version 0.26.0-16-gc1dbca0489 (webtiles) character file.

Game seed: 9732714109809819260

1213 hatsuma the Covert (level 8, -6/48 HPs)
             Began as a Kobold Brigand on Jan 19, 2021.
             Was a Follower of Fedhas.
             Mangled by an ogre
             ... wielding a +0 giant club
              (24 damage)
             ... on level 5 of the Dungeon on Jan 20, 2021.
             The game lasted 00:54:02 (4760 turns).

hatsuma the Covert (Kobold Brigand)                 Turns: 4760, Time: 00:54:03

Health: -6/48      AC:  3    Str: 10    XL:     8   Next: 74%
Magic:  8/8        EV: 16    Int: 13    God:    Fedhas [*.....]
Gold:   197        SH:  0    Dex: 16    Spells: 7/7 levels left

rFire    . . .     SeeInvis .   a - +2 dagger (speed)
rCold    . . .     Faith    .   (shield restricted)
rNeg     . . .     Spirit   .   b - +0 robe
rPois    .         Reflect  .   (no helmet)
rElec    .         Harm     .   u - scarf {repulsion}
rCorr    .         Rampage  .   (no gloves)
Will     .....                  i - +0 pair of boots
Stlth    +++++.....             o - amulet of regeneration
HPRegen  0.56/turn              m - ring of wizardry
MPRegen  0.11/turn              (no ring)

@: repel missiles
A: small, nightstalker 3
a: Renounce Religion


You were on level 5 of the Dungeon.
You worshipped Fedhas.
Fedhas was aware of your devotion.
You visited 2 branches of the dungeon, and saw 7 of its levels.

You collected 197 gold pieces.

Inventory:

Hand Weapons
 a - a +2 dagger of speed (weapon)
Missiles
 d - 11 poisoned darts
 e - 2 curare-tipped darts
 l - 5 boomerangs (quivered)
 s - 60 bolts
Armour
 b - a +0 robe (worn)
 i - a +0 pair of boots (worn)
 u - a scarf of repulsion (worn)
Jewellery
 m - a ring of wizardry (left hand)
 o - an amulet of regeneration (around neck)
Wands
 f - a wand of iceblast (3)
Scrolls
 k - 2 scrolls of teleportation
 q - a scroll of remove curse
 t - a scroll of amnesia
 v - a scroll of enchant armour {unknown}
 w - a scroll of random uselessness {unknown}
 x - a scroll of fear {unknown}
Potions
 c - a potion of flight {unknown}
 g - a potion of ambrosia {unknown}
 h - 5 potions of curing
 j - a potion of might
 n - a potion of attraction {unknown}
 p - a potion of magic {unknown}


   Skills:
 - Level 4.0 Fighting
 - Level 9.2 Short Blades
 - Level 3.3 Throwing
 + Level 3.3 Dodging
 - Level 9.2 Stealth
 - Level 1.1 Evocations


You had 7 spell levels left.
You didn't know any spells.
Your spell library contained the following spells:

 Spells                   Type           Power        Failure   Level
 Summon Small Mammal      Summ           0%           12%         1
 Call Imp                 Summ           0%           19%         2
 Call Canine Familiar     Summ           0%           34%         3
 Summon Guardian Golem    Hex/Summ       0%           34%         3
 Summon Ice Beast         Ice/Summ       0%           73%         4
 Summon Lightning Spire   Summ/Air       0%           73%         4


Dungeon Overview and Level Annotations

Branches:
Dungeon (6/15)             Temple (1/1) D:5

Altars:
Cheibriados
Dithmenos
Fedhas
Makhleb
Okawaru
Qazlal
Ru
Sif Muna
Uskayaw
Wu Jian
The Shining One


Innate Abilities, Weirdness & Mutations

You are small and have problems with some larger weapons.
You are completely attuned to the shadows.


Message History

You barely miss the ogre.
The ogre is almost dead.
You hit the ogre but do no damage.
The ogre is almost dead.
The ogre hits you with a +0 giant club!!
Ouch! That really hurt!
* * * LOW HITPOINT WARNING * * *
Throw: 5 boomerangs
Press: ? - help, Q - select action, (/) - cycle Shift-Dir - straight line, f/p - ogre
Aim: an ogre, wielding a +0 giant club (almost dead)
You throw a boomerang. The boomerang barely misses the ogre.
The ogre closely misses you.
Throw: 5 boomerangs
Press: ? - help, Q - select action, (/) - cycle Shift-Dir - straight line, f/p - ogre
Aim: an ogre, wielding a +0 giant club (almost dead)
You throw a boomerang. The boomerang closely misses the ogre.
The ogre hits you with a +0 giant club!!
Ouch! That really hurt!
You die...
Fedhas appreciates your contribution to the ecosystem.

#.......# ##.#.#### #<......#
#..≈≈≈..# #.......# #.≈≈≈≈≈.#
#.......# ##≈≈§≈≈≈≈# #.......#
#.§§§>≈§≈.# ####.#### #.≈≈§§§≈§.#
## #.# #..≈≈§≈≈..#
.###.######...≈[§...# #########
...............O@...# #.......#
..#.....####........# #.#...#.#
....#...#...........####..[....##
..#.....#.##.....................
..#.......##........####.......##
#...................# #.......#
####.#######........# ####.##.#
#...# #..#..#..### ####.# #...#
#..#.......# #(#


You could see an ogre.

Vanquished Creatures
  Sigmund (D:3)
  A sky beast (D:4)
  2 ogres
  A phantom (D:5)
  2 howler monkeys
  A bullfrog zombie (D:2)
  3 orc priests
  A hound (D:5)
  A centaur skeleton (D:6)
  5 orc wizards
  Ijyb (D:4)
  A bullfrog skeleton (D:5)
  2 worker ants
  9 adders
  A shadow imp (D:5)
  An adder zombie (D:6)
  7 worms
  3 dart slugs
  3 leopard geckos
  20 orcs
  6 bats
  2 giant cockroaches
  4 goblins
  8 hobgoblins
  3 jackals (D:6)
  10 kobolds
  4 quokkas
  2 ball pythons (D:2)
  3 frilled lizards
  4 rats
112 creatures vanquished.

Notes
Turn   | Place    | Note
-------+----------+-------------------------------------------
     0 | D:1      | hatsuma the Kobold Brigand began the quest for the Orb.
     0 | D:1      | Reached XP level 1. HP: 12/12 MP: 1/1
    71 | D:1      | Reached XP level 2. HP: 9/17 MP: 2/2
   525 | D:1      | Reached XP level 3. HP: 21/21 MP: 3/3
   923 | D:2      | Reached XP level 4. HP: 26/26 MP: 4/4
  1171 | D:2      | Found a hide-covered altar of Uskayaw.
  1252 | D:2      | Reached XP level 5. HP: 30/30 MP: 5/5
  1501 | D:2      | Reached skill level 5 in Short Blades
  1672 | D:3      | Noticed Sigmund
  1675 | D:3      | Killed Sigmund
  1676 | D:3      | Reached XP level 6. HP: 35/35 MP: 6/6
  2095 | D:3      | Found a blossoming altar of Fedhas.
  2099 | D:3      | Reached XP level 7. HP: 40/40 MP: 7/7
  2218 | D:3      | Became a worshipper of Fedhas Madash
  2878 | D:4      | You fall into a shaft and drop 2 floors!
  3143 | D:6      | Got a steaming whip
  3144 | D:6      | Identified the +3 whip of Domination {speed, rN+ Will-
                  | Int+5 Dex+4} (You found it on level 6 of the Dungeon)
  3213 | D:5      | Entered Level 5 of the Dungeon
  3376 | D:4      | Reached * piety under Fedhas
  3445 | D:4      | Noticed Ijyb
  3465 | D:4      | Killed Ijyb
  3585 | D:4      | Found an iron altar of Okawaru.
  3605 | D:4      | You fall into a shaft and drop 1 floor!
  3608 | D:5      | Reached XP level 8. HP: 44/44 MP: 8/8
  3663 | D:4      | Found a sacrificial altar of Ru.
  4036 | D:5      | Reached skill level 1 in Evocations
  4453 | D:5      | Found a staircase to the Ecumenical Temple.
  4459 | Temple   | Entered the Ecumenical Temple
  4732 | D:5      | HP: 2/48 [ogre/+0 giant club (27)]
  4760 | D:5      | Mangled by an ogre

Illustrated notes

Levels and vault maps discovered:
D:1:      minmay_arrival_diagonal_passages, layout_rooms
D:2:      layout_basic, overflow_temple_1_default
D:3:      layout_basic, overflow_temple_1_default, minmay_misc_feat_ornament,
          uniq_sigmund
D:4:      layout_loops_ring, lemuel_doored_altar, portal_sewer_entry_e,
          supply_closet_lemuel, nicolae_ru_path_of_blood, uniq_ijyb
D:5:      layout_loops_cross, minmay_temple_entry_mist
D:6:      layout_cave_pods, old_standard_altar, elyvilon_altar_3,
          chequers_garden, st_stairs_13, uniq_pikel
Temple:   minmay_temple_curvy_branch

Skill      XL: |  1  2  3  4  5  6  7  8 |
---------------+-------------------------+-----
Short Blades   | 3 4 5 8 9 |  9.2
Dodging        | 2 3 |  3.3
Stealth        | 6 8 9 |  9.2
Fighting       | 4 |  4.0
Throwing       | 3 |  3.3
Evocations     | 1 |  1.1

Action                   |  1- 3 |  4- 6 |  7- 9 || total
-------------------------+-------+-------+-------++-------
Melee: Dagger            |   100 |    63 |   340 ||   503
Throw: Boomerang         |       |       |    20 ||    20
       Dart              |       |       |     3 ||     3
  Use: Scroll            |       |     1 |     5 ||     6
 Stab: Sleeping          |     7 |    29 |    17 ||    53
       Distracted        |       |       |     2 ||     2
Armor: Robe              |    10 |     5 |    24 ||    39
Dodge: Dodged            |    47 |    19 |   102 ||   168
